NYP
VANCOUVER CANADIANS @ EVERETT AQUASOX
07/27/2045
 
TOP OF THE 1ST
Vancouver Canadians batting - Pitching for Everett AquaSox : RHP Kyle Ridgeway
Pitching: RHP Kyle Ridgeway
Batting: RHB Lamberto Amicis 0-0: Fly out, F3 (Popup, 3F, EV 79.4 MPH)
Batting: RHB Kyle Scruggs 0-0: Ball
1-0: Ball
2-0: Called Strike
2-1: Called Strike
2-2: Ball
3-2: Foul Ball, location: 2F
3-2: Base on Balls
Batting: LHB Julio Canseco 0-0: Ball
1-0: Called Strike
1-1: Ball
2-1: Ball
3-1: Called Strike
3-2: Fielders Choice at 2nd, 3-6 (Groundball, 3S, EV 91.9 MPH)
Batting: RHB Jose Garate 0-0: Ball
Julio Canseco steals 2nd base
1-0: Ball
2-0: Called Strike
2-1: Called Strike
2-2: Fly out, F9 (Flyball, 9LD, EV 76.2 MPH)
Top of the 1st over - 0 runs, 0 hits, 0 errors, 1 left on base; Vancouver 0 - Everett 0
BOTTOM OF THE 1ST
Everett AquaSox batting - Pitching for Vancouver Canadians : RHP Fernando Torres
Pitching: RHP Fernando Torres
Batting: SHB Detlef Oursler 0-0: Ball
1-0: Ball
2-0: Called Strike
2-1: Called Strike
2-2: Foul Ball, location: 2F
2-2: DOUBLE (Line Drive, 78D, EV 106.2 MPH)
Batting: RHB Tze-meng Li 0-0: Called Strike
0-1: Ground out 2-3 (Groundball, 13S, EV 66.9 MPH)
Detlef Oursler to third
Batting: LHB Ryan Lowe 0-0: Ball
1-0: Swinging Strike
1-1: Swinging Strike
1-2: Fly out, F7 (Flyball, 78XD, EV 97.5 MPH)
Runner from 3rd tags up, SCORES, no throw by LF
Batting: LHB Jawad Fahad 0-0: Foul Ball, location: 2F
0-1: Ball
1-1: Called Strike
1-2: SINGLE (Groundball, 4S, EV 74.4 MPH) (infield hit)
Batting: LHB Jason Hopkins 0-0: Ball
1-0: Swinging Strike
1-1: DOUBLE (Line Drive, 78M, EV 93.1 MPH)
Jawad Fahad to third
Runner from 3rd tries for Home, SAFE, no throw by CF
Batting: RHB Hideo Okimura 0-0: Ball
1-0: Called Strike
1-1: Fly out, F8 (Flyball, 8RD, EV 96.9 MPH)
Bottom of the 1st over - 2 runs, 3 hits, 0 errors, 1 left on base; Vancouver 0 - Everett 2
TOP OF THE 2ND
Vancouver Canadians batting - Pitching for Everett AquaSox : RHP Kyle Ridgeway
Batting: LHB Edgar Castillo 0-0: Called Strike
0-1: Ball
1-1: Ball
2-1: Foul Ball, location: 2F
2-2: SINGLE (Groundball, 34D, EV 107.5 MPH)
Batting: SHB Ryan Chicoine 0-0: Ball
1-0: Ball
2-0: Ball
3-0: Called Strike
3-1: Called Strike
3-2: Base on Balls
Edgar Castillo to second
Batting: LHB Tatsuyuki Yamada 0-0: Ball
1-0: Ball
2-0: Fielders Choice at 2nd, 4-6 (Groundball, P, EV 79.4 MPH)
Edgar Castillo to third
Batting: RHB Dan Hilyer 0-0: Called Strike
0-1: Ball
Tatsuyuki Yamada steals 2nd base
1-1: Swinging Strike
1-2: Ball
2-2: Fly out, F3 (Popup, 34, EV 73.8 MPH)
Batting: RHB Bobby Valdez 0-0: Ball
1-0: Foul Ball, location: 2F
1-1: Called Strike
1-2: Ball
2-2: Fly out, F8 (Flyball, 8RD, EV 83.8 MPH)
Top of the 2nd over - 0 runs, 1 hit, 0 errors, 2 left on base; Vancouver 0 - Everett 2
BOTTOM OF THE 2ND
Everett AquaSox batting - Pitching for Vancouver Canadians : RHP Fernando Torres
Batting: RHB Salvador Avina 0-0: Ball
1-0: SINGLE (Groundball, 56D, EV 95.6 MPH)
Batting: LHB Omar Colunga 0-0: Ball
1-0: Foul Ball, location: 2F
1-1: SINGLE (Groundball, 6MD, EV 107.5 MPH)
Salvador Avina to second
Runner from 2nd tries for 3rd, SAFE, throw by CF made to third
Batting: LHB Leão Alvide 0-0: Called Strike
0-1: Ball
1-1: Ground out 4-3 (Groundball, 34, EV 102.5 MPH)
Salvador Avina scores
Omar Colunga to second
Batting: SHB Detlef Oursler 0-0: Ball
1-0: Foul Ball, location: 2F
1-1: Ball
2-1: Called Strike
2-2: Ball
3-2: Base on Balls
Batting: RHB Tze-meng Li 0-0: Called Strike
0-1: Foul Ball, location: 2F
0-2: Ball
1-2: Foul Ball, location: 2F
1-2: Strikes out swinging
Batting: LHB Ryan Lowe 0-0: Ball
1-0: Fly out, F7 (Flyball, 7D, EV 85.0 MPH)
Bottom of the 2nd over - 1 run, 2 hits, 0 errors, 2 left on base; Vancouver 0 - Everett 3
TOP OF THE 3RD
Vancouver Canadians batting - Pitching for Everett AquaSox : RHP Kyle Ridgeway
Batting: RHB Lamberto Amicis 0-0: Ball
1-0: Ball
2-0: Called Strike
2-1: Swinging Strike
2-2: Hit by Pitch
Batting: RHB Kyle Scruggs 0-0: Called Strike
0-1: Ball
1-1: DOUBLE (Groundball, 3L, EV 100.6 MPH)
Lamberto Amicis to third
Batting: LHB Julio Canseco 0-0: Fly out, F6 (Popup, P, EV 76.2 MPH)
Batting: RHB Jose Garate 0-0: Called Strike
0-1: Called Strike
0-2: Strikes out swinging
Batting: LHB Edgar Castillo 0-0: Ball
1-0: Called Strike
1-1: Called Strike
1-2: Ground out 3-1 (Groundball, 34, EV 81.2 MPH)
Top of the 3rd over - 0 runs, 1 hit, 0 errors, 2 left on base; Vancouver 0 - Everett 3
BOTTOM OF THE 3RD
Everett AquaSox batting - Pitching for Vancouver Canadians : RHP Fernando Torres
Batting: LHB Jawad Fahad 0-0: Ball
1-0: Foul Ball, location: 2F
1-1: Called Strike
1-2: SINGLE (Line Drive, 8RS, EV 103.8 MPH)
Batting: LHB Jason Hopkins 0-0: Ball
1-0: Ball
2-0: Foul Ball, location: 2F
2-1: Called Strike
2-2: Strikes out swinging
Batting: RHB Hideo Okimura 0-0: Ball
1-0: Ball
2-0: SINGLE (Groundball, 6MD, EV 101.2 MPH)
Jawad Fahad to second
Runner from 2nd tries for 3rd, SAFE, throw by CF made to third
Batting: RHB Salvador Avina 0-0: Ball
1-0: Ball
2-0: Foul Ball, location: 2F
2-1: Swinging Strike
2-2: Strikes out swinging
Batting: LHB Omar Colunga 0-0: Ball
1-0: Fielders Choice at 2nd, 4-6 (Groundball, 4MD, EV 76.2 MPH)
Bottom of the 3rd over - 0 runs, 2 hits, 0 errors, 2 left on base; Vancouver 0 - Everett 3
TOP OF THE 4TH
Vancouver Canadians batting - Pitching for Everett AquaSox : RHP Kyle Ridgeway
Batting: SHB Ryan Chicoine 0-0: Ball
1-0: Fly out, F9 (Flyball, 89D, EV 96.9 MPH)
Batting: LHB Tatsuyuki Yamada 0-0: Called Strike
0-1: Ball
1-1: Hit by Pitch
Batting: RHB Dan Hilyer 0-0: Called Strike
0-1: Ball
Tatsuyuki Yamada is caught stealing 2nd base 2-4
1-1: Ball
2-1: Foul Ball, location: 2F
2-2: Ball
3-2: Strikes out swinging
Top of the 4th over - 0 runs, 0 hits, 0 errors, 0 left on base; Vancouver 0 - Everett 3
BOTTOM OF THE 4TH
Everett AquaSox batting - Pitching for Vancouver Canadians : RHP Fernando Torres
Batting: LHB Leão Alvide 0-0: Foul Ball, location: 2F
0-1: Ball
1-1: Swinging Strike
1-2: Strikes out swinging
Batting: SHB Detlef Oursler 0-0: Swinging Strike
0-1: Swinging Strike
0-2: Ball
1-2: Strikes out swinging, 2-3 out at first.
Batting: RHB Tze-meng Li 0-0: Ground out 5-3 (Groundball, 56S, EV 88.1 MPH)
Bottom of the 4th over - 0 runs, 0 hits, 0 errors, 0 left on base; Vancouver 0 - Everett 3
TOP OF THE 5TH
Vancouver Canadians batting - Pitching for Everett AquaSox : RHP Kyle Ridgeway
Batting: RHB Bobby Valdez 0-0: Called Strike
0-1: Foul Ball, location: 2F
0-2: Strikes out looking
Batting: RHB Lamberto Amicis 0-0: Foul Ball, location: 2F
0-1: Ball
1-1: Swinging Strike
1-2: Fly out, F7 (Flyball, 78M, EV 88.1 MPH)
Batting: RHB Kyle Scruggs 0-0: Swinging Strike
0-1: Foul Ball, location: 2F
0-2: Ground out 4-3 (Groundball, 4S, EV 86.9 MPH)
Top of the 5th over - 0 runs, 0 hits, 0 errors, 0 left on base; Vancouver 0 - Everett 3
BOTTOM OF THE 5TH
Everett AquaSox batting - Pitching for Vancouver Canadians : RHP Fernando Torres
Batting: LHB Ryan Lowe 0-0: Swinging Strike
0-1: Foul Ball, location: 2F
0-2: Ball
1-2: Foul Ball, location: 2F
1-2: Strikes out looking
Batting: LHB Jawad Fahad 0-0: Foul Ball, location: 2F
0-1: SINGLE (Groundball, 4MD, EV 96.2 MPH)
Batting: LHB Jason Hopkins 0-0: Fly out, F7 (Flyball, 7D, EV 91.2 MPH)
Batting: RHB Hideo Okimura 0-0: Called Strike
0-1: Ball
1-1: Swinging Strike
1-2: Fly out, F7 (Flyball, 7S, EV 94.4 MPH)
Bottom of the 5th over - 0 runs, 1 hit, 0 errors, 1 left on base; Vancouver 0 - Everett 3
TOP OF THE 6TH
Vancouver Canadians batting - Pitching for Everett AquaSox : RHP Kyle Ridgeway
Batting: LHB Julio Canseco 0-0: Called Strike
0-1: Ball
1-1: TRIPLE (Flyball, 8LXD, EV 106.9 MPH)
Batting: RHB Jose Garate 0-0: Called Strike
0-1: Ball
1-1: Ball
2-1: Ball
3-1: Called Strike
3-2: Strikes out swinging
Batting: LHB Edgar Castillo 0-0: Foul Ball, location: 2F
0-1: Swinging Strike
0-2: Ball
1-2: Ball
2-2: Strikes out looking
Batting: SHB Ryan Chicoine 0-0: Ball
1-0: Called Strike
1-1: Ball
2-1: Called Strike
2-2: Ball
3-2: Base on Balls
Batting: LHB Tatsuyuki Yamada 0-0: Ball
1-0: Ball
2-0: Ball
3-0: Called Strike
3-1: Ground out 4-3 (Groundball, 4, EV 84.4 MPH)
Top of the 6th over - 0 runs, 1 hit, 0 errors, 2 left on base; Vancouver 0 - Everett 3
BOTTOM OF THE 6TH
Everett AquaSox batting - Pitching for Vancouver Canadians : RHP Fernando Torres
Batting: RHB Salvador Avina 0-0: Called Strike
0-1: Ball
1-1: Foul Ball, location: 2F
1-2: Ball
2-2: Strikes out swinging
Batting: LHB Omar Colunga 0-0: Called Strike
0-1: Ball
1-1: Ball
2-1: Foul Ball, location: 2F
2-2: Ball
3-2: Ground out U3 (Groundball, 34S, EV 86.2 MPH)
Batting: LHB Leão Alvide 0-0: Called Strike
0-1: Called Strike
0-2: Strikes out looking
Bottom of the 6th over - 0 runs, 0 hits, 0 errors, 0 left on base; Vancouver 0 - Everett 3
TOP OF THE 7TH
Vancouver Canadians batting - Pitching for Everett AquaSox : RHP Kyle Ridgeway
Pitching: RHP In Bea
Batting: RHB Dan Hilyer 0-0: Ball
1-0: Ball
2-0: Foul Ball, location: 2F
2-1: Ball
3-1: Called Strike
3-2: Strikes out swinging
Pinch Hitting: LHB Cedric Saunders 0-0: Foul Ball, location: 2F
0-1: Called Strike
0-2: Ball
1-2: Ground out 5-3 (Groundball, 5L, EV 87.5 MPH)
Batting: RHB Lamberto Amicis 0-0: Called Strike
0-1: Foul Ball, location: 2F
0-2: Ground out 6-3 (Groundball, 6, EV 84.4 MPH)
Top of the 7th over - 0 runs, 0 hits, 0 errors, 0 left on base; Vancouver 0 - Everett 3
BOTTOM OF THE 7TH
Everett AquaSox batting - Pitching for Vancouver Canadians : RHP Fernando Torres
Now at 1B: Cedric Saunders
Now at 2B: Jose Garate
Batting: SHB Detlef Oursler 0-0: Called Strike
0-1: Ball
1-1: Ball
2-1: Swinging Strike
2-2: Strikes out looking
Pitching: RHP Marco Rodriguez
Batting: RHB Tze-meng Li 0-0: Ball
1-0: Called Strike
1-1: Ball
2-1: Foul Ball, location: 2F
2-2: Foul Ball, location: 2F
2-2: Ground out 5-3 (Groundball, 56S, EV 83.8 MPH)
Batting: LHB Ryan Lowe 0-0: Ball
1-0: Ball
2-0: Foul Ball, location: 2F
2-1: Called Strike
2-2: Foul Ball, location: 2F
2-2: Ground out 4-3 (Groundball, P, EV 84.4 MPH)
Bottom of the 7th over - 0 runs, 0 hits, 0 errors, 0 left on base; Vancouver 0 - Everett 3
TOP OF THE 8TH
Vancouver Canadians batting - Pitching for Everett AquaSox : RHP In Bea
Pitching: LHP Sanjog Veera
Batting: RHB Kyle Scruggs 0-0: Ball
1-0: Ground out 6-3 (Groundball, 6D, EV 108.8 MPH)
Pinch Hitting: RHB John Michener 0-0: Ball
1-0: Fly out, F8 (Flyball, 8RXD, EV 91.9 MPH)
Batting: RHB Jose Garate 0-0: Called Strike
0-1: Hit by Pitch
Pinch Runner at 1st Wade Diamond:
Pinch Hitting: RHB Danny Loyola 0-0: Ball
1-0: Ball
2-0: Ball
3-0: Base on Balls
Wade Diamond to second
Batting: SHB Ryan Chicoine 0-0: Ball
1-0: SINGLE (Groundball, 6MS, EV 71.9 MPH) (infield hit)
Wade Diamond to third
Danny Loyola to second
Batting: RHB Lee McKay 0-0: Ball
1-0: Ball
2-0: DOUBLE (Flyball, 8LXD, EV 111.9 MPH)
Wade Diamond scores
Danny Loyola scores
Ryan Chicoine to third
Batting: RHB Dan Hilyer 0-0: Called Strike
0-1: Ground out 2-3 (Groundball, 2R, EV 67.5 MPH)
Top of the 8th over - 2 runs, 2 hits, 0 errors, 2 left on base; Vancouver 2 - Everett 3
BOTTOM OF THE 8TH
Everett AquaSox batting - Pitching for Vancouver Canadians : RHP Marco Rodriguez
Now at 2B: John Michener
Now in LF: Wade Diamond
Now in RF: Jonathan Klemm
Batting: LHB Jawad Fahad 0-0: Called Strike
0-1: Ground out 5-3 (Groundball, 5, EV 110.6 MPH)
Batting: LHB Jason Hopkins 0-0: Foul Ball, location: 2F
0-1: Ball
1-1: Foul Ball, location: 2F
1-2: Ball
2-2: Strikes out swinging
Batting: RHB Hideo Okimura 0-0: Ground out 6-3 (Groundball, 56D, EV 86.2 MPH)
Bottom of the 8th over - 0 runs, 0 hits, 0 errors, 0 left on base; Vancouver 2 - Everett 3
TOP OF THE 9TH
Vancouver Canadians batting - Pitching for Everett AquaSox : LHP Sanjog Veera
Now at 2B: Victor Rijos
Now at SS: Detlef Oursler
Now in LF: William Warren
Now in RF: Ryan Rothenbach
Pinch Hitting: RHB Greg Callaghan 0-0: Ball
1-0: Foul Ball, location: 2F
1-1: Fly out, F9 (Flyball, 89M, EV 81.9 MPH)
Batting: RHB Lamberto Amicis 0-0: Called Strike
0-1: Called Strike
0-2: Strikes out swinging
Batting: RHB Kyle Scruggs 0-0: Ball
1-0: Called Strike
1-1: Foul Ball, location: 2F
1-2: Reached on error, E5 (Groundball, 5L, EV 102.5 MPH)
Pinch Runner at 1st Roald Jacobs:
Batting: RHB John Michener 0-0: Ball
1-0: Called Strike
1-1: Foul Ball, location: 2F
1-2: Strikes out swinging
Top of the 9th over - 0 runs, 0 hits, 1 error, 1 left on base; Vancouver 2 - Everett 3
Wednesday, June 22nd , 2022 - OOTP Baseball 23.4 Build 64